 Dungeon Crawl Stone Soup version 0.29-a0-632-g781b4ac09e (webtiles) character file.

Game seed: 3555214303623425699

56 BritishOli the Skirmisher (level 3, 0/29 HPs)
             Began as a Demonspawn Fighter on June 18, 2022.
             Slain by Sigmund
             ... wielding a +0 scythe
              (5 damage)
             ... on level 3 of the Dungeon.
             The game lasted 00:01:19 (2321 turns).

BritishOli the Skirmisher (Demonspawn Fighter)      Turns: 2321, Time: 00:01:20

Health: 0/29       AC:  7    Str: 18    XL:     3   Next: 69%
Magic:  3/3        EV:  9    Int:  9    God:
Gold:   108        SH:  4    Dex: 12    Spells: 2/2 levels left

rFire   . . .      SeeInvis .   a - +0 long sword
rCold   . . .      Faith    .   c - +0 buckler
rNeg    . . .      Spirit   .   b - +0 scale mail
rPois   .          Reflect  .   (no helmet)
rElec   .          Harm     .   e - +0 cloak
rCorr   .          Rampage  .   (no gloves)
Will    .....                   (no boots)
Stlth   ..........              (no amulet)
HPRegen 0.09/turn               (no ring)
MPRegen 0.08/turn               (no ring)

@: no status effects
A: hooves 1
a: no special abilities


You were on level 3 of the Dungeon.
You visited 1 branch of the dungeon, and saw 3 of its levels.

You collected 108 gold pieces.

Inventory:

Hand Weapons
 a - a +0 long sword (weapon)
Armour
 b - a +0 scale mail (worn)
 c - a +0 buckler (worn)
 e - a +0 cloak (worn)
Jewellery
 m - an amulet of faith
Scrolls
 g - a scroll of fog {unknown}
 j - a scroll of enchant armour {unknown}
 l - 3 scrolls of teleportation {unknown}
 n - 3 scrolls of poison {unknown}
 o - a scroll of identify {unknown}
 q - a scroll of noise {unknown}
Potions
 d - 3 potions of might
 f - 2 potions of attraction {unknown}
 h - a potion of heal wounds {unknown}
 i - a potion of brilliance {unknown}
 k - a potion of berserk rage {unknown}
 p - a potion of curing {unknown}


   Skills:
 + Level 3.5 Fighting
 + Level 2.4 Long Blades
 + Level 3.1 Armour
 + Level 3.1 Shields


You had 2 spell levels left.
You didn't know any spells.
Your spell library contained the following spells:

 Spells                   Type           Power      Damage    Failure   Level
 Magic Dart               Conj           0%         1d3       86%         1
 Slow                     Hex            0%         N/A       86%         1
 Searing Ray              Conj           0%         2d4       94%         2
 Confusing Touch          Hex            0%         N/A       99%         3
 Dazzling Flash           Conj/Hex       0%         N/A       99%         3
 Vampiric Draining        Necr           0%         2d6       99%         3
 Fulminant Prism          Conj/Hex       0%         3d6       100%        4
 Agony                    Necr           0%         N/A       100%        5
 Silence                  Hex/Air        0%         N/A       100%        5


Dungeon Overview and Level Annotations

Branches:
Dungeon (3/15)

Altars:
Elyvilon

Shops:
D:1 [

Annotations:
D:3 Sigmund


Innate Abilities, Weirdness & Mutations

You have large cloven feet.


Message History

No target in view!
No target in view!
You now have 97 gold pieces (gained 11).
There is a stone staircase leading up here.
You pick up a book of Debilitation and begin reading...
You add the spells Slow, Vampiric Draining and Confusing Touch to your library.
No target in view!
You now have 108 gold pieces (gained 11).
Sigmund the Dreaded comes into view.
He is wielding a +0 scythe.
Sigmund shouts!
Sigmund is nearby!
Sigmund is nearby!
Sigmund hits you from afar with a +0 scythe!
Sigmund is nearby!
Sigmund is nearby!
You barely miss Sigmund. Sigmund hits you with a +0 scythe.
You hit Sigmund but do no damage. You block Sigmund's attack.
You slash Sigmund! Your kick misses Sigmund.
Sigmund is moderately wounded.
Sigmund hits you with a +0 scythe!
You are too injured to fight recklessly!
You are too injured to fight recklessly!
You are too injured to fight recklessly!
You are too injured to fight recklessly!
You hit Sigmund.
Sigmund is heavily wounded.
Sigmund points at you and mumbles some strange words.
The puff of flame hits you!
* * * LOW HITPOINT WARNING * * *
You closely miss Sigmund. Your kick misses Sigmund.
Sigmund is heavily wounded.
Sigmund casts a spell at you. You resist with significant effort.
You hit Sigmund.
Sigmund is heavily wounded.
Sigmund barely misses you.
You slash Sigmund! Your kick misses Sigmund.
Sigmund is almost dead.
Sigmund hits you with a +0 scythe.
You die...

#.############# #.........@@..#
####.#.########
###########.#.##.....#
..........#...##.....############
#.#.###.#.#.#........#...........
.(..##...............######.#####
..............##......# #.#####
..................###.#####.#....
....#.......#.##.....<......#....


You could see Sigmund.

Vanquished Creatures
  An adder (D:2)
  A worm (D:2)
  A dart slug (D:2)
  4 bats
  4 endoplasms
  2 giant cockroaches
  2 goblins
  4 hobgoblins
  4 kobolds
  3 quokkas
  4 ball pythons (D:1)
  6 frilled lizards
  4 rats
40 creatures vanquished.

Notes
Turn   | Place    | Note
-------+----------+-------------------------------------------
     0 | D:1      | BritishOli the Demonspawn Fighter began the quest for the
                  | Orb.
     0 | D:1      | Reached XP level 1. HP: 18/18 MP: 1/1
   309 | D:1      | Gained mutation: You have large cloven feet. [demonic
                  | ancestry]
   309 | D:1      | Reached XP level 2. HP: 24/24 MP: 2/2
   805 | D:1      | Found a faded altar of an unknown god.
   858 | D:1      | Found Ogaec's Armour Emporium.
  1085 | D:2      | Reached XP level 3. HP: 10/29 MP: 3/3
  2311 | D:3      | Noticed Sigmund
  2321 | D:3      | Slain by Sigmund

Illustrated notes

Levels and vault maps discovered:
D:1:      dpeg_arrival_tiny_d, layout_loops_cross, serial_shops, shop_statue,
          shapermc_ecumenical_altar_petra
D:2:      layout_basic, due_unseen_surprise
D:3:      layout_basic, elyvilon_altar_4, mainiacjoe_overflow_alcove_4,
          uniq_sigmund

Skill      XL: |  1  2 |
---------------+-------+-----
Long Blades    | 2 |  2.4
Armour         | 3 |  3.1
Shields        | 3 |  3.1
Fighting       | |  3.5

Action                   || total
-------------------------++-------
Melee: Long sword        ||   103
       Kick              ||    16
Armor: Scale mail        ||    47
Dodge: Dodged            ||    30
Block: Buckler           ||    21

Table legend: (Time is in decaauts)
 A = Elapsed time spent in this place.
 B = Non-inter-level travel time spent in this place.
 C = Inter-level travel time spent in this place.
 D = Time resting spent in this place.
 E = Time spent auto-exploring this place.
 F = Levels seen in this place.
 G = Mean time per level.
                   A        B        C        D        E       F      G
               +--------+--------+--------+--------+--------+-----+--------+
         Total |   2353 |   2301 |     52 |    467 |   1555 |   3 |  784.3 |
       Dungeon |   2353 |   2301 |     52 |    467 |   1555 |   3 |  784.3 |
               +--------+--------+--------+--------+--------+-----+--------+

Top non-repeatable levels by time:
     D:1: 1010 daAuts
     D:2: 879 daAuts
     D:3: 463 daAuts
